 Dungeon Crawl Stone Soup version 0.30-a0-304-gdc4b735fe1 (webtiles) character file.

Game seed: 2831181172438739960

238 sleeves the Shooter (level 6, 0/34 HPs)
             Began as a Gargoyle Hexslinger on Oct 21, 2022.
             Was an Initiate of Okawaru.
             Shot with an arrow by a centaur (11 damage)
             ... on level 4 of the Dungeon.
             The game lasted 00:06:40 (3677 turns).

sleeves the Shooter (Gargoyle Hexslinger)           Turns: 3677, Time: 00:06:41

Health: 0/34       AC: 10    Str: 14    XL:     6   Next: 7%
Magic:  7/7        EV: 12    Int: 13    God:    Okawaru [......]
Gold:   220        SH:  0    Dex: 12    Spells: 6/7 levels left

rFire   + . .      SeeInvis .    a - +1 sling
rCold   + . .      Faith    .    (no shield)
rNeg    + . .      Spirit   .    i - +2 robe {rC+ rF+}
rPois   ∞          Reflect  .    (no helmet)
rElec   +          Harm     .    q - +0 cloak
rCorr   .          Rampage  .    (no gloves)
Will    .....                    n - +0 pair of boots
Stlth   +.........               (no amulet)
HPRegen 0.25/turn                p - ring of flight
MPRegen 0.10/turn                (no ring)

@: flying
A: sickness immunity, AC +4, negative energy resistance 1, electricity
resistance, torment resistance 1, petrification resistance
a: Renounce Religion


You were on level 4 of the Dungeon.
You worshipped Okawaru.
Okawaru was noncommittal.
You visited 2 branches of the dungeon, and saw 5 of its levels.

You collected 220 gold pieces.

Inventory:

Hand Weapons
 a - a +1 sling (weapon)
Missiles
 c - a throwing net
Armour
 i - a +2 robe of resistance (worn)
   (You found it on level 1 of the Dungeon)
 n - a +0 pair of boots (worn)
   (You found it on level 3 of the Dungeon)
 q - a +0 cloak (worn)
   (You found it on level 3 of the Dungeon)
Jewellery
 p - a ring of flight (left hand)
   (You found it on level 3 of the Dungeon)
Scrolls
 b - a scroll of poison
 e - 2 scrolls of magic mapping
 f - 4 scrolls of blinking
 h - a scroll of enchant weapon {unknown}
 k - 4 scrolls of butterflies
 o - a scroll of identify
 u - a scroll of teleportation
Potions
 d - a potion of haste {unknown}
 g - a potion of heal wounds
 j - a potion of might
 l - 5 potions of flight {unknown}
 m - 2 potions of curing
 r - 2 potions of brilliance {unknown}
 s - a potion of degeneration {unknown}
 t - 2 potions of experience {unknown}


   Skills:
 - Level 1.1 Fighting
 + Level 6.1 Ranged Weapons
 - Level 1.5 Dodging
 - Level 1.0 Spellcasting
 - Level 2.6 Hexes


You had 6 spell levels left.
You knew the following spells:

 Your Spells              Type           Power      Damage    Failure   Level
a - Slow                  Hex            28%        N/A       10%         1

Your spell library contained the following spells:

 Spells                   Type           Power      Damage    Failure   Level
 Ensorcelled Hibernation  Hex/Ice        8%         N/A       24%         2
 Passwall                 Tmut/Erth      0%         N/A       38%         2
 Inner Flame              Hex/Fire       4%         N/A       43%         3
 Portal Projectile        Hex/Tloc       8%         N/A       43%         3
 Swiftness                Air            0%         N/A       63%         3
 Cause Fear               Hex            3%         N/A       67%         4
 Petrify                  Tmut/Erth      0%         N/A       95%         4
 Irradiate                Conj/Tmut      0%         3d11      100%        5
 Sublimation of Blood     Necr           Unusable   N/A       N/A         2

Dungeon Overview and Level Annotations

Branches:
Dungeon (4/15)             Temple (1/1) D:4

Altars:
Cheibriados
Elyvilon
Fedhas
Okawaru
Sif Muna
Uskayaw
Xom

Shops:
D:3 (

Annotations:
D:4 Eustachio


Innate Abilities, Weirdness & Mutations

You are immune to sickness and miasma.
Your stone body is resilient. (AC +4)
You are immune to poison.
You resist negative energy. (rN+)
You are resistant to electric shocks. (rElec)
You are resistant to unholy torment.
You are immune to petrification.


Message History

You shoot a sling bullet.
The sling bullet barely misses the jackal.
A jackal comes into view.
You shoot a sling bullet. The sling bullet misses the jackal.
The sling bullet hits the jackal but does no damage.
The jackal barely misses you.
There are monsters nearby!
You shoot a sling bullet.
The sling bullet barely misses the jackal.
The jackal bites you but does no damage. x2
There are monsters nearby!
You shoot a sling bullet. The sling bullet misses the jackal.
The jackal bites you. x2
You shoot a sling bullet. The sling bullet hits the jackal.
The jackal is severely wounded.
The jackal bites you. The jackal barely misses you. x2
The jackal bites you but does no damage.
You shoot a sling bullet. The sling bullet hits the jackal.
You kill the jackal!
The jackal completely misses you.
You shoot a sling bullet. The sling bullet hits the jackal.
The jackal is lightly wounded.
The jackal misses you.
The jackal bites you but does no damage.
You shoot a sling bullet.
The sling bullet closely misses the jackal.
The jackal bites you but does no damage. x2
You shoot a sling bullet. The sling bullet hits the jackal.
You kill the jackal!
No target in view!
No target in view!
No target in view!
No target in view!
No target in view!
No target in view!
No target in view!
No target in view!
No target in view!
No target in view!
No target in view!
The orc wizard shouts!
An orc wizard is nearby!
Casting: Slow (safe; 10% risk of failure)
Confirm with . or Enter, or press ? or * to list all spells.
Aiming: Slow (safe; 10% risk of failure)
Press: ? - help, Shift-Dir - straight line, f - orc wizard
Aim: an orc wizard, wielding a +0 dagger and wearing a +0 robe (chance to affect: 40%)
The orc wizard resists with some effort.
Fire: a) +1 sling
Press: ? - help, Q - select action, (/) - cycle Shift-Dir - straight line, f/p - orc wizard
Aim: an orc wizard, wielding a +0 dagger and wearing a +0 robe (50% to hit)
You shoot a sling bullet.
The sling bullet barely misses the orc wizard.
Casting: Slow (safe; 10% risk of failure)
Confirm with . or Enter, or press ? or * to list all spells.
Aiming: Slow (safe; 10% risk of failure)
Press: ? - help, Shift-Dir - straight line, f/p - orc wizard
Aim: an orc wizard, wielding a +0 dagger and wearing a +0 robe (chance to affect: 40%)
The orc wizard seems to slow down.
Fire: a) +1 sling
Press: ? - help, Q - select action, (/) - cycle Shift-Dir - straight line, f/p - orc wizard
Aim: an orc wizard, wielding a +0 dagger and wearing a +0 robe (slow, 50% to hit)
You shoot a sling bullet. The sling bullet hits the orc wizard.
The orc wizard is moderately wounded.
Fire: a) +1 sling
Press: ? - help, Q - select action, (/) - cycle Shift-Dir - straight line, f/p - orc wizard
Aim: an orc wizard, wielding a +0 dagger and wearing a +0 robe (lightly wounded, slow, 50% to hit)
You shoot a sling bullet. The sling bullet hits the orc wizard.
The orc wizard is moderately wounded.
Fire: a) +1 sling
Press: ? - help, Q - select action, (/) - cycle Shift-Dir - straight line, f/p - orc wizard
Aim: an orc wizard, wielding a +0 dagger and wearing a +0 robe (moderately wounded, slow, 50% to hit)
You shoot a sling bullet.
The sling bullet barely misses the orc wizard.
The orc wizard barely misses you.
Fire: a) +1 sling
Press: ? - help, Q - select action, (/) - cycle Shift-Dir - straight line, f/p - orc wizard
Aim: an orc wizard, wielding a +0 dagger and wearing a +0 robe (moderately wounded, slow, 50% to hit)
You shoot a sling bullet.
The sling bullet barely misses the orc wizard.
The orc wizard points at you and mumbles some strange words.
The magic dart hits you.
Fire: a) +1 sling
Press: ? - help, Q - select action, (/) - cycle Shift-Dir - straight line, f/p - orc wizard
Aim: an orc wizard, wielding a +0 dagger and wearing a +0 robe (moderately wounded, slow, 50% to hit)
You shoot a sling bullet. The sling bullet hits the orc wizard.
The orc wizard is severely wounded.
The orc wizard hits you but does no damage.
Fire: a) +1 sling
Press: ? - help, Q - select action, (/) - cycle Shift-Dir - straight line, f/p - orc wizard
Aim: an orc wizard, wielding a +0 dagger and wearing a +0 robe (severely wounded, slow, 50% to hit)
You shoot a sling bullet. The sling bullet hits the orc wizard!
You kill the orc wizard!
Magic restored.
You see here a potion of attraction.
You now have 85 gold pieces (gained 13).
d - 2 scrolls of identify (gained 1)
Found a stone staircase leading down.
You now have 89 gold pieces (gained 4).
A hobgoblin comes into view.
A hobgoblin is nearby!
A hobgoblin is nearby!
You shoot a sling bullet. The sling bullet hits the hobgoblin!
You kill the hobgoblin!
No target in view!
No target in view!
You now have 94 gold pieces (gained 5).
You see here a +0 scale mail.
An endoplasm comes into view.
Found a scroll labelled LIHON KOTEIXT.
The endoplasm quivers.
An endoplasm is nearby!
An endoplasm is nearby!
You shoot a sling bullet. The sling bullet hits the endoplasm.
The endoplasm is moderately wounded.
You shoot a sling bullet. The sling bullet hits the endoplasm.
The endoplasm is almost dead.
You shoot a sling bullet. The sling bullet hits the endoplasm.
You kill the endoplasm!
No target in view!
No target in view!
No target in view!
No target in view!
f - a scroll labelled LIHON KOTEIXT
g - a potion of heal wounds
e - 2 scrolls labelled QUUHUCW YNUI (gained 1)
h - a scroll labelled OBURUT WAOFOPP No target in view!
You now have 102 gold pieces (gained 8).
Found 8 stones.
You see here 8 stones.
k - 2 scrolls labelled CONOYWO KIEL (gained 1)
Found a stone staircase leading up.
You see here 8 stones.
You see here a +0 scale mail.
Found a whip.
You see here a +0 whip.
Things that are here:
a +0 dagger; a +0 robe As you open the door, it creaks loudly!
There is an open door here.
There is an open door, spattered with blood here.
You see here a +0 club.
Done exploring.
Done exploring.
(D) Dungeon
Where to? (Enter - D:1 @ (x,y), ? - help)
A jackal is nearby!
Unknown command.
You shoot a sling bullet. The jackal barks!
The sling bullet hits the jackal.
The jackal is heavily wounded.
You shoot a sling bullet.
The sling bullet closely misses the jackal.
The jackal barely misses you. x2
You shoot a sling bullet. The sling bullet hits the jackal!
You kill the jackal!
No target in view!
No target in view!
Done exploring.
Done exploring.
Done exploring.
Done exploring.
(D) Dungeon
Where to? (Enter - D:3, ? - help)
You see here a jackal corpse.
There is a stone staircase leading down here.
You climb downwards.
Found four items.
There is a stone staircase leading up here.
Unknown command.
l - 2 grey potions
d - 3 scrolls of identify (gained 1)
There is a stone staircase leading up here.
m - a potion of curing
n - a +0 pair of boots You start putting on your armour.
You continue putting on your +0 pair of boots. x4
You finish putting on your +0 pair of boots.
As you read the scroll of identify, it crumbles to dust.
e - 2 scrolls of magic mapping
As you read the scroll of identify, it crumbles to dust.
f - a scroll of blinking
As you read the scroll of identify, it crumbles to dust.
k - 2 scrolls of butterflies
Okay, then.
You open the door.
Found a stone staircase leading down.
k - 3 scrolls of butterflies (gained 1)
You see here a +1 dagger of draining.
You see here a +1 dagger of draining.
Found a stone staircase leading up.
Found Omuoraj's Antique Weapon Shop.
A hobgoblin comes into view.
A hobgoblin is nearby!
You shoot a sling bullet. The hobgoblin shouts!
The sling bullet hits the hobgoblin.
You kill the hobgoblin!
No target in view!
There is an entrance to Omuoraj's Antique Weapon Shop here.
You now have 143 gold pieces (gained 41).
m - 2 potions of curing (gained 1) As you open the door, it creaks loudly!
There is an open door here.
As you open the door, it creaks loudly!
You hear a shout!
Found a scroll of poison.
There is an open door here.
A goblin comes into view. It is wielding a +0 dagger.
A goblin is nearby!
A goblin is nearby!
A goblin is nearby!
A goblin is nearby!
A goblin is nearby!
A goblin is nearby!
You shoot a sling bullet.
The sling bullet barely misses the goblin.
You shoot a sling bullet. The sling bullet hits the goblin.
You kill the goblin!
No target in view!
No target in view!
b - 2 scrolls of poison (gained 1)
You see here a +0 dagger.
A kobold comes into view. It is wielding a +0 dagger.
The kobold shouts!
A kobold is nearby!
A kobold is nearby!
You shoot a sling bullet.
The sling bullet closely misses the kobold.
The kobold barely misses you.
You shoot a sling bullet.
The sling bullet closely misses the kobold.
You hear an angry hiss.
The kobold hits you but does no damage.
You shoot a sling bullet. The sling bullet hits the kobold.
The kobold is moderately wounded.
The kobold hits you but does no damage.
You shoot a sling bullet. The sling bullet hits the kobold.
You kill the kobold!
An adder comes into view.
You shoot a sling bullet. The sling bullet hits the adder.
The adder is heavily wounded.
The adder bites you but does no damage.
You shoot a sling bullet. The sling bullet hits the adder.
The adder is almost dead.
The adder bites you.
An adder is nearby!
You shoot a sling bullet. The sling bullet hits the adder.
You kill the adder!
No target in view!
No target in view!
HP restored.
You see here a +0 dagger.
A goblin comes into view. It is wielding a +0 dagger.
The goblin shouts!
A goblin is nearby!
A goblin is nearby!
You shoot a sling bullet. The sling bullet misses the goblin.
You shoot a sling bullet.
The sling bullet barely misses the goblin.
You shoot a sling bullet. The sling bullet hits the goblin!
You kill the goblin!
No target in view!
No target in view!
Things that are here:
a +0 dagger; a goblin corpse
d - a purple potion
Found a stone staircase leading up.
o - a scroll of identify
Found an escape hatch in the floor.
Found a stone staircase leading down.
There is a stone staircase leading down here.
You open the door.
There is an open door here.
There is a stone staircase leading down here.
There is a stone staircase leading up here.
Found 5 datura-tipped darts.
You see here 5 datura-tipped darts.
You now have 160 gold pieces (gained 17).
Found a ring mail.
p - a ring of flight You open the door.
There is an open door here.
Found a stone staircase leading down.
You fly up into the air.
p - a ring of flight (left hand)
q - a +0 cloak You start putting on your armour.
You continue putting on your +0 cloak. x4
You finish putting on your +0 cloak.
There is a stone staircase leading down here.
There is a stone staircase leading down here.
You reach down and open the door.
There is an open door here.
A rat comes into view.
Found an escape hatch in the ceiling.
A rat is nearby!
A rat is nearby!
You shoot a sling bullet. The sling bullet hits the rat!
You kill the rat!
Your Ranged Weapons skill increases to level 5!
No target in view!
No target in view!
Found 6 stones.
There is an escape hatch in the ceiling here.
r - a viscous ruby potion
k - 4 scrolls of butterflies (gained 1)
Found 2 stones.
You reach down and open the door.
There is an open door here.
As you open the door, it creaks loudly!
There is an open door here.
Found a potion of attraction.
There is an open door here.
There is an open door here.
l - 4 grey potions (gained 2)
You reach down and open the door.
There is an open door here.
Found a robe.
You see here a +0 robe.
Things that are here:
a +0 dagger; a goblin skeleton You see here a +0 dagger.
There is an open door here.
There is an open door here.
There is a stone staircase leading up here.
There is an open door here.
Done exploring.
Done exploring.
Done exploring.
(D) Dungeon
Where to? (Enter - D:3, ? - help)
There is an open door here.
There is a stone staircase leading down here.
You fly downwards.
Found 16 gold pieces, a viscous ruby potion and a metallic green potion.
There is a stone staircase leading up here.
r - 2 viscous ruby potions (gained 1)
s - a metallic green potion You now have 176 gold pieces (gained 16).
Found a staircase to the Ecumenical Temple.
Found 6 stones.
Found 4 stones.
(D) Dungeon (T) Temple
Where to? (Enter - D:4, ? - help)
Found an escape hatch in the ceiling.
There is a staircase to the Ecumenical Temple here.
You fly downwards.
Welcome to the Ecumenical Temple!
Found an iron altar of Okawaru.
There is a staircase back to the Dungeon here.
Found a snail-covered altar of Cheibriados.
Found a white marble altar of Elyvilon.
Found a shimmering altar of Xom.
There is an iron altar of Okawaru here.
You hover solemnly before the altar of Okawaru.
Okawaru welcomes you!
(D) Dungeon (T) Temple
Where to? (Enter - Temple, ? - help)
There is a staircase back to the Dungeon here.
You fly upwards.
Welcome back to the Dungeon!
There is a staircase to the Ecumenical Temple here.
Unknown command.
Found an escape hatch in the floor.
Found a stone staircase leading down.
There is a stone staircase leading up here.
You now have 194 gold pieces (gained 18).
A quokka comes into view.
You shoot a sling bullet. The sling bullet hits the quokka.
You kill the quokka!
Okawaru accepts your kill.
No target in view!
No target in view!
Found 4 atropa-tipped darts.
You see here 4 atropa-tipped darts.
You reach down and open the door.
Found a short sword.
There is an open door here.
You now have 204 gold pieces (gained 10).
A ball python comes into view.
Found a grey potion.
You shoot a sling bullet. The sling bullet hits the ball python.
You kill the ball python!
Okawaru accepts your kill.
You have reached level 5!
An adder comes into view.
An adder is nearby!
An adder is nearby!
You shoot a sling bullet. The sling bullet hits the adder.
The adder is moderately wounded.
You shoot a sling bullet.
The sling bullet barely misses the adder.
You shoot a sling bullet. The sling bullet hits the adder.
The adder is almost dead.
You shoot a sling bullet.
The sling bullet closely misses the adder.
You shoot a sling bullet.
The sling bullet closely misses the adder.
The adder bites you but does no damage. The adder misses you.
You shoot a sling bullet.
The sling bullet barely misses the adder.
The adder closely misses you.
You shoot a sling bullet.
The sling bullet closely misses the adder.
The adder closely misses you. x2
An adder is nearby!
An adder is nearby!
You shoot a sling bullet.
The sling bullet hits the adder but does no damage.
The adder is severely wounded.
The adder barely misses you. The adder closely misses you.
You shoot a sling bullet.
The sling bullet barely misses the adder.
The adder bites you.
You shoot a sling bullet. The sling bullet hits the adder.
The adder is almost dead.
The adder closely misses you. x2
An adder is nearby!
You shoot a sling bullet. The sling bullet hits the adder.
You kill the adder!
Okawaru accepts your kill.
HP restored.
You see here an adder corpse.
You see here a ball python corpse.
l - 5 grey potions (gained 1)
A hobgoblin comes into view.
You shoot a sling bullet. The sling bullet hits the hobgoblin.
The hobgoblin shouts!
The hobgoblin is moderately wounded.
You hear a shout! x2
No target in view!
A hobgoblin and a centaur come into view.
The centaur shouts!
You shoot a sling bullet.
The sling bullet hits the hobgoblin but does no damage.
The hobgoblin is moderately wounded.
A scorpion comes into view.
The centaur wields a +0 shortbow.
The centaur shoots an arrow.
The arrow hits you but does no damage.
The centaur shoots an arrow.
The arrow hits you but does no damage.
There are monsters nearby!
You aren't carrying any items that you can evoke.
Okay, then.
The air fills with toxic fumes!
As you read the scroll of poison, it crumbles to dust.
The hobgoblin hits you but does no damage.
The centaur shoots an arrow.
The arrow barely misses you.
The centaur shoots an arrow.
The arrow hits you.
Casting: Slow (safe; 10% risk of failure)
Confirm with . or Enter, or press ? or * to list all spells.
Aiming: Slow (safe; 10% risk of failure)
Press: ? - help, Shift-Dir - straight line, f - centaur
Aim: a centaur, wielding a +0 shortbow (chance to affect: 40%)
The centaur resists with some effort.
The centaur shoots an arrow.
The arrow hits you.
The centaur shoots an arrow.
The arrow hits you.
There is an escape hatch in the ceiling here.
You start resting.
The centaur shoots an arrow.
The arrow hits you!
* * * LOW HITPOINT WARNING * * *
Casting: Slow (safe; 10% risk of failure)
Confirm with . or Enter, or press ? or * to list all spells.
Aiming: Slow (safe; 10% risk of failure)
Press: ? - help, Shift-Dir - straight line, f/p - centaur
Aim: a centaur, wielding a +0 shortbow (chance to affect: 40%)
The centaur seems to slow down.
Unknown command.
Fire: a) +1 sling
Press: ? - help, Q - select action, (/) - cycle Shift-Dir - straight line, f/p - centaur
Aim: a centaur, wielding a +0 shortbow (slow, 69% to hit)
You shoot a sling bullet.
The sling bullet barely misses the centaur.
The centaur shoots an arrow.
The arrow hits you!
* * * LOW HITPOINT WARNING * * *
The centaur shoots an arrow.
The arrow hits you but does no damage. A mysterious force pulls you upwards.
The hatch slams shut behind you.
Magic restored.
HP restored.
Done exploring.
Done exploring.
Done exploring.
(D) Dungeon (T) Temple
Where to? (Enter - D:4, ? - help)
There is a stone staircase leading down here.
You fly downwards.
There is a stone staircase leading up here.
Found a stone staircase leading down.
Found a quarterstaff.
Eustachio the Magnificent comes into view.
He is wielding a +0 falchion and wearing a +1 leather armour of cold resistance.
Eustachio is nearby!
Eustachio is nearby!
You reach down and open the door.
A kobold comes into view. It is wielding a +0 mace.
Found three altars.
A kobold is nearby!
A kobold is nearby!
The kobold shouts!
You shoot a sling bullet.
The sling bullet closely misses the kobold.
The kobold closely misses you. x2
You shoot a sling bullet. The sling bullet hits the kobold.
The kobold is moderately wounded.
The kobold hits you with a +0 mace.
You shoot a sling bullet.
The sling bullet barely misses the kobold.
The kobold hits you but does no damage.
You shoot a sling bullet. The sling bullet hits the kobold.
The kobold is heavily wounded.
The kobold barely misses you.
Casting: Slow (safe; 10% risk of failure)
Confirm with . or Enter, or press ? or * to list all spells.
Aiming: Slow (safe; 10% risk of failure)
Press: ? - help, Shift-Dir - straight line, f/p - kobold
Aim: a kobold, wielding a +0 mace (heavily wounded, chance to affect: 58%)
The kobold resists with significant effort.
The kobold closely misses you.
You shoot a sling bullet. The sling bullet hits the kobold.
You kill the kobold!
Okawaru accepts your kill.
There is a stone staircase leading up here.
Things that are here:
a +0 mace; a kobold corpse Magic restored.
A hound comes into view.
You shoot a sling bullet. The hound barks!
The sling bullet hits the hound.
The hound is lightly wounded.
Casting: Slow (safe; 10% risk of failure)
Confirm with . or Enter, or press ? or * to list all spells.
Aiming: Slow (safe; 10% risk of failure)
Press: ? - help, Shift-Dir - straight line, f/p - hound
Aim: a hound (lightly wounded, chance to affect: 50%)
The hound resists with some effort.
The hound bites you but does no damage.
There is a stone staircase leading up here.
Things that are here:
a +0 mace; a kobold corpse
Casting: Slow (safe; 10% risk of failure)
Confirm with . or Enter, or press ? or * to list all spells.
Aiming: Slow (safe; 10% risk of failure)
Press: ? - help, Shift-Dir - straight line, f/p - hound
Aim: a hound (lightly wounded, chance to affect: 50%)
The hound seems to slow down.
The hound bites you.
Fire: a) +1 sling
Press: ? - help, Q - select action, (/) - cycle Shift-Dir - straight line, f/p - hound
Aim: a hound (lightly wounded, slow, 46% to hit)
You shoot a sling bullet. The sling bullet hits the hound.
The hound is moderately wounded.
The hound bites you.
Fire: a) +1 sling
Press: ? - help, Q - select action, (/) - cycle Shift-Dir - straight line, f/p - hound
Aim: a hound (moderately wounded, slow, 46% to hit)
You shoot a sling bullet.
The sling bullet barely misses the hound.
The hound bites you. The hound barely misses you.
You fly upwards.
There is a stone staircase leading down here.
Fire: a) +1 sling
Press: ? - help, Q - select action, (/) - cycle Shift-Dir - straight line, f - hound
Aim: a hound (moderately wounded, slow, 46% to hit)
You shoot a sling bullet.
The sling bullet completely misses the hound.
The hound is no longer moving slowly.
The hound bites you but does no damage. The hound closely misses you.
Fire: a) +1 sling
Press: ? - help, Q - select action, (/) - cycle Shift-Dir - straight line, f/p - hound
Aim: a hound (moderately wounded, 46% to hit)
You shoot a sling bullet.
The sling bullet closely misses the hound.
The hound closely misses you.
Fire: a) +1 sling
Press: ? - help, Q - select action, (/) - cycle Shift-Dir - straight line, f/p - hound
Aim: a hound (moderately wounded, 46% to hit)
You shoot a sling bullet. The sling bullet hits the hound.
The hound is moderately wounded.
The hound bites you. The hound barely misses you.
Fire: a) +1 sling
Press: ? - help, Q - select action, (/) - cycle Shift-Dir - straight line, f/p - hound
Aim: a hound (moderately wounded, 46% to hit)
You shoot a sling bullet. The sling bullet hits the hound.
The hound is heavily wounded.
The hound stops to sniff the ground.
The hound bites you. x2
Casting: Slow (safe; 10% risk of failure)
Confirm with . or Enter, or press ? or * to list all spells.
Aiming: Slow (safe; 10% risk of failure)
Press: ? - help, Shift-Dir - straight line, f/p - hound
Aim: a hound (heavily wounded, chance to affect: 50%)
You miscast Slow.
You are very lightly contaminated with residual magic.
Nothing appears to happen.
The hound bites you.
Fire: a) +1 sling
Press: ? - help, Q - select action, (/) - cycle Shift-Dir - straight line, f/p - hound
Aim: a hound (heavily wounded, 46% to hit)
You shoot a sling bullet.
The sling bullet closely misses the hound.
The hound misses you. The hound closely misses you.
Casting: Slow (safe; 10% risk of failure)
Confirm with . or Enter, or press ? or * to list all spells.
Aiming: Slow (safe; 10% risk of failure)
Press: ? - help, Shift-Dir - straight line, f/p - hound
Aim: a hound (heavily wounded, chance to affect: 50%)
The hound resists with some effort.
The hound bites you but does no damage.
Fire: a) +1 sling
Press: ? - help, Q - select action, (/) - cycle Shift-Dir - straight line, f/p - hound
Aim: a hound (heavily wounded, 46% to hit)
You shoot a sling bullet.
The sling bullet closely misses the hound.
The hound bites you but does no damage. The hound closely misses you.
Casting: Slow (safe; 10% risk of failure)
Confirm with . or Enter, or press ? or * to list all spells.
Aiming: Slow (safe; 10% risk of failure)
Press: ? - help, Shift-Dir - straight line, f/p - hound
Aim: a hound (heavily wounded, chance to affect: 50%)
The hound resists with some effort.
The hound bites you but does no damage. x2
Casting: Slow (safe; 10% risk of failure)
Confirm with . or Enter, or press ? or * to list all spells.
Aiming: Slow (safe; 10% risk of failure)
Press: ? - help, Shift-Dir - straight line, f/p - hound
Aim: a hound (heavily wounded, chance to affect: 50%)
You miscast Slow.
Nothing appears to happen.
The hound misses you.
Casting: Slow (safe; 10% risk of failure)
Confirm with . or Enter, or press ? or * to list all spells.
Aiming: Slow (safe; 10% risk of failure)
Press: ? - help, Shift-Dir - straight line, f/p - hound
Aim: a hound (heavily wounded, chance to affect: 50%)
The hound seems to slow down.
The hound barely misses you.
Fire: a) +1 sling
Press: ? - help, Q - select action, (/) - cycle Shift-Dir - straight line, f/p - hound
Aim: a hound (heavily wounded, slow, 46% to hit)
You shoot a sling bullet. The sling bullet hits the hound.
The hound is heavily wounded.
The hound barely misses you.
Fire: a) +1 sling
Press: ? - help, Q - select action, (/) - cycle Shift-Dir - straight line, f/p - hound
Aim: a hound (heavily wounded, slow, 46% to hit)
You shoot a sling bullet. The sling bullet hits the hound.
The hound is almost dead.
The hound bites you but does no damage. The hound barely misses you.
Unknown command.
Unknown command.
Unknown command.
Unknown command.
Unknown command.
Unknown command.
Unknown command.
Unknown command.
You shoot a sling bullet.
The sling bullet barely misses the hound.
The hound misses you.
You shoot a sling bullet.
The sling bullet closely misses the hound.
The hound bites you but does no damage.
You shoot a sling bullet.
The sling bullet closely misses the hound.
The hound bites you but does no damage.
You shoot a sling bullet.
The sling bullet closely misses the hound.
The hound bites you.
Your magical contamination has completely faded away.
You shoot a sling bullet. The sling bullet hits the hound!
You kill the hound!
Okawaru accepts your kill.
There is an escape hatch in the floor here.
You see here a hound corpse.
Magic restored.
HP restored.
Done exploring.
Done exploring.
(D) Dungeon (T) Temple
Where to? (Enter - D:4, ? - help)
There is an escape hatch in the floor here.
You see here a hound corpse.
There is a stone staircase leading down here.
You fly downwards.
Level annotation: Eustachio
There is a stone staircase leading up here.
Things that are here:
a +0 mace; a kobold corpse
There is an open door here.
There is an open door here.
A giant cockroach comes into view.
A giant cockroach is nearby!
You shoot a sling bullet.
The sling bullet hits the giant cockroach but does no damage.
You shoot a sling bullet.
The sling bullet hits the giant cockroach.
The giant cockroach is moderately wounded.
You shoot a sling bullet.
The sling bullet closely misses the giant cockroach.
You shoot a sling bullet.
The sling bullet hits the giant cockroach but does no damage.
The giant cockroach is moderately wounded.
You shoot a sling bullet.
The sling bullet closely misses the giant cockroach.
The giant cockroach bites you but does no damage.
You shoot a sling bullet.
The sling bullet closely misses the giant cockroach.
The giant cockroach closely misses you.
You shoot a sling bullet.
The sling bullet hits the giant cockroach.
You kill the giant cockroach!
Okawaru accepts your kill.
A sky beast comes into view.
A sky beast is nearby!
A sky beast is nearby!
Casting: Slow (safe; 10% risk of failure)
Confirm with . or Enter, or press ? or * to list all spells.
Aiming: Slow (safe; 10% risk of failure)
Press: ? - help, Shift-Dir - straight line, f - sky beast
Aim: a sky beast (chance to affect: 40%)
The sky beast resists with some effort.
Casting: Slow (safe; 10% risk of failure)
Confirm with . or Enter, or press ? or * to list all spells.
Aiming: Slow (safe; 10% risk of failure)
Press: ? - help, Shift-Dir - straight line, f/p - sky beast
Aim: a sky beast (chance to affect: 40%)
You miscast Slow.
You are very lightly contaminated with residual magic.
Nothing appears to happen.
The sky beast flickers out of sight!
Deactivating autopickup; reactivate with Ctrl-A.
Your magical contamination has completely faded away.
There is a stone staircase leading up here.
Things that are here:
a +0 mace; a kobold corpse You fly upwards.
Reactivating autopickup.
There is a stone staircase leading down here.
Magic restored.
You reach down and open the door.
There is an open door here.
There is a stone staircase leading down here.
You fly downwards.
Level annotation: Eustachio
There is a stone staircase leading up here.
You shoot a sling bullet.
The sling bullet barely misses the ball python.
You shoot a sling bullet. The sling bullet hits the ball python.
You kill the ball python!
Okawaru accepts your kill.
No target in view!
A kobold and an orc come into view.
The orc is wielding a +0 club and wearing the +2 robe of Otwaut {MP+9}.
The kobold moves out of view.
The orc moves out of view.
No target in view!
The kobold shouts!
The orc shouts!
There are monsters nearby!
You shoot a sling bullet.
The sling bullet hits the orc but does no damage.
You shoot a sling bullet.
The sling bullet hits the orc but does no damage.
You shoot a sling bullet. The sling bullet hits the orc.
The orc is heavily wounded.
You shoot a sling bullet. The sling bullet hits the orc!
You kill the orc!
Okawaru accepts your kill.
You shoot a sling bullet.
The sling bullet barely misses the kobold.
A shadow imp comes into view.
The kobold hits you but does no damage.
You shoot a sling bullet.
The sling bullet completely misses the kobold.
The kobold closely misses you.
An endoplasm comes into view.
You shoot a sling bullet.
The sling bullet barely misses the kobold.
The endoplasm quivers.
The kobold barely misses you. The kobold attacks as you move away!
The kobold hits you but does no damage.
The shadow imp picks up a beetle and eats it.
There is a stone staircase leading up here.
You shoot a sling bullet.
The sling bullet closely misses the kobold.
The sling bullet barely misses the shadow imp.
The kobold barely misses you.
You shoot a sling bullet.
The sling bullet barely misses the kobold.
The sling bullet barely misses the shadow imp.
The kobold closely misses you. The kobold hits you but does no damage.
You shoot a sling bullet.
The sling bullet closely misses the kobold.
The sling bullet hits the shadow imp.
The shadow imp is lightly wounded.
The kobold hits you but does no damage.
You shoot a sling bullet. The sling bullet hits the kobold.
The kobold is moderately wounded.
The kobold completely misses you.
You shoot a sling bullet.
The sling bullet barely misses the kobold.
The sling bullet closely misses the shadow imp.
The sling bullet hits the endoplasm.
The endoplasm is almost dead.
The kobold hits you but does no damage.
You shoot a sling bullet.
The sling bullet hits the kobold but does no damage.
The kobold is moderately wounded.
The kobold closely misses you.
You shoot a sling bullet. The sling bullet hits the kobold.
You kill the kobold!
Okawaru accepts your kill.
You shoot a sling bullet. The sling bullet hits the shadow imp.
The shadow imp is heavily wounded.
The shadow imp barely misses you.
You shoot a sling bullet.
The sling bullet barely misses the shadow imp.
The sling bullet hits the endoplasm.
You kill the endoplasm!
Okawaru accepts your kill.
The shadow imp hits you but does no damage.
You shoot a sling bullet.
The sling bullet hits the shadow imp but does no damage.
The shadow imp is heavily wounded.
The shadow imp completely misses you.
You shoot a sling bullet.
The sling bullet completely misses the shadow imp.
The shadow imp barely misses you. x2
You shoot a sling bullet. The sling bullet hits the shadow imp.
The shadow imp is severely wounded.
The shadow imp closely misses you.
You shoot a sling bullet.
The sling bullet completely misses the shadow imp.
The shadow imp barely misses you.
You shoot a sling bullet. The sling bullet hits the shadow imp.
The shadow imp is almost dead.
The shadow imp hits you.
You shoot a sling bullet. The sling bullet hits the shadow imp!
You kill the shadow imp!
Okawaru accepts your kill.
No target in view!
No target in view!
HP restored.
f - 4 scrolls of blinking (gained 3)
There is a stone staircase leading up here.
Things that are here:
a +0 dagger; a kobold corpse
t - 2 glowing inky potions
Things that are here:
a +0 club; the +2 robe of Otwaut {MP+9}; an orc corpse A scorpion comes into view.
You shoot a sling bullet. The sling bullet hits the scorpion.
The scorpion is moderately wounded.
You hear an angry hiss.
An adder comes into view.
Casting: Slow (safe; 10% risk of failure)
Confirm with . or Enter, or press ? or * to list all spells.
Aiming: Slow (safe; 10% risk of failure)
Press: ? - help, Shift-Dir - straight line, f/p - scorpion
Aim: a scorpion (moderately wounded, chance to affect: 40%)
The adder resists with some effort.
Unknown command.
Casting: Slow (safe; 10% risk of failure)
Confirm with . or Enter, or press ? or * to list all spells.
Aiming: Slow (safe; 10% risk of failure)
Press: ? - help, Shift-Dir - straight line, f/p - scorpion
Aim: a scorpion (moderately wounded, chance to affect: 40%)
The adder resists with some effort.
The adder bites you but does no damage.
Fire: a) +1 sling
Press: ? - help, Q - select action, (/) - cycle Shift-Dir - straight line, f/p - scorpion
Aim: a scorpion (moderately wounded, 57% to hit)
You shoot a sling bullet.
The sling bullet closely misses the adder.
The sling bullet hits the scorpion.
The scorpion is heavily wounded.
The adder barely misses you. The adder closely misses you.
Fire: a) +1 sling
Press: ? - help, Q - select action, (/) - cycle Shift-Dir - straight line, f/p - scorpion
Aim: a scorpion (heavily wounded, 57% to hit)
You shoot a sling bullet. The sling bullet misses the adder.
The sling bullet hits the scorpion but does no damage.
The scorpion is heavily wounded.
The adder bites you but does no damage.
Fire: a) +1 sling
Press: ? - help, Q - select action, (/) - cycle Shift-Dir - straight line, f/p - scorpion
Aim: a scorpion (heavily wounded, 57% to hit)
You shoot a sling bullet. The sling bullet hits the adder.
The adder is lightly wounded.
The adder barely misses you. The adder bites you but does no damage.
You shoot a sling bullet. The sling bullet misses the adder.
The sling bullet hits the scorpion.
The scorpion is heavily wounded.
The adder barely misses you.
You shoot a sling bullet. The sling bullet misses the adder.
The sling bullet closely misses the scorpion.
The adder misses you. The adder completely misses you.
You shoot a sling bullet.
The sling bullet closely misses the adder.
The sling bullet closely misses the scorpion.
The adder closely misses you.
You shoot a sling bullet.
The sling bullet closely misses the adder.
The sling bullet barely misses the scorpion.
The adder barely misses you. The adder bites you but does no damage.
You shoot a sling bullet. The sling bullet hits the adder.
The adder is severely wounded.
The adder misses you.
You shoot a sling bullet.
The sling bullet closely misses the adder.
The sling bullet closely misses the scorpion.
The adder bites you but does no damage. x2
You shoot a sling bullet. The sling bullet misses the adder.
The sling bullet closely misses the scorpion.
The adder misses you.
You shoot a sling bullet.
The sling bullet closely misses the adder.
The sling bullet hits the scorpion but does no damage.
The scorpion is heavily wounded.
The adder bites you. x2
You shoot a sling bullet.
The sling bullet barely misses the adder.
The sling bullet hits the scorpion.
The scorpion is almost dead.
The adder closely misses you.
You shoot a sling bullet. The sling bullet hits the adder.
You kill the adder!
Okawaru accepts your kill.
You shoot a sling bullet. The sling bullet hits the scorpion.
The scorpion is almost dead.
The scorpion stings you but does no damage.
You shoot a sling bullet.
The sling bullet closely misses the scorpion.
The scorpion misses you. The scorpion closely misses you.
You shoot a sling bullet. The sling bullet hits the scorpion.
You kill the scorpion!
Okawaru accepts your kill.
Your Ranged Weapons skill increases to level 6!
You have reached level 6!
Things that are here:
a scorpion corpse; an adder corpse A sky beast is nearby!
Casting: Slow (safe; 10% risk of failure)
Confirm with . or Enter, or press ? or * to list all spells.
Aiming: Slow (safe; 10% risk of failure)
Press: ? - help, Shift-Dir - straight line, f - sky beast
Aim: a sky beast (wandering, hasn't noticed you, chance to affect: 40%)
The sky beast resists with some effort.
Casting: Slow (safe; 10% risk of failure)
Confirm with . or Enter, or press ? or * to list all spells.
Aiming: Slow (safe; 10% risk of failure)
Press: ? - help, Shift-Dir - straight line, f/p - sky beast
Aim: a sky beast (chance to affect: 40%)
The sky beast resists with some effort.
The sky beast flickers out of sight!
Deactivating autopickup; reactivate with Ctrl-A.
Things that are here:
a scorpion corpse; an adder corpse A sky beast appears from thin air!
Reactivating autopickup.
Casting: Slow (safe; 10% risk of failure)
Confirm with . or Enter, or press ? or * to list all spells.
Aiming: Slow (safe; 10% risk of failure)
Press: ? - help, Shift-Dir - straight line, f/p - sky beast
Aim: a sky beast (chance to affect: 40%)
The sky beast resists with some effort.
Casting: Slow (safe; 10% risk of failure)
Confirm with . or Enter, or press ? or * to list all spells.
Aiming: Slow (safe; 10% risk of failure)
Press: ? - help, Shift-Dir - straight line, f/p - sky beast
Aim: a sky beast (chance to affect: 40%)
The sky beast seems to slow down.
The sky beast flickers out of sight!
Deactivating autopickup; reactivate with Ctrl-A.
There is a stone staircase leading up here.
Things that are here:
a +0 dagger; a kobold corpse You fly upwards.
Reactivating autopickup.
There is a stone staircase leading down here.
There is an open door here.
Magic restored.
There is an escape hatch in the floor here.
You see here a hound skeleton.
There is a stone staircase leading down here.
You fly downwards.
Level annotation: Eustachio
There is a stone staircase leading up here.
Things that are here:
a +0 mace; a kobold skeleton
Found a club.
Found a falchion and a whip.
A goblin comes into view. It is wielding a +0 club.
A goblin is nearby!
You shoot a sling bullet. The sling bullet hits the goblin!
You kill the goblin!
Okawaru accepts your kill.
u - a scroll of teleportation You now have 220 gold pieces (gained 16).
A sky beast is nearby!
A sky beast is nearby!
The sky beast flickers out of sight!
Deactivating autopickup; reactivate with Ctrl-A.
The centaur shouts!
The centaur shoots an arrow.
The arrow hits you.
The centaur shoots an arrow.
The arrow misses you.
The centaur shoots an arrow.
The arrow hits you.
The centaur shoots an arrow.
The arrow misses you.
The centaur shoots an arrow.
The arrow hits you!
The centaur shoots an arrow.
The arrow hits you!
* * * LOW HITPOINT WARNING * * *
There is a stone staircase leading up here.
You see here a +0 mace.
The centaur shoots an arrow.
The arrow hits you!
You die...

. .........#..# #####
.##......#..#..# ###P#.# .#
...............###_._._###.##
. .....#.###....#P......#...
. ....#......###..P⌠...#..#
####..#..##.#####...P.##..###
................###'###.>...
###.....##......#..###.#.#
#.......c.....@..........#
#......######..###.....###
###...#### #......##..#
)........# #..##........#
..###....# #..##.####...#
....##...# ##..##.# @.....
#.#..#.#.## #......# ...###.
#..#.#))..## #......# .... ..
##...####..# #......# #..#


You could see a centaur.

Vanquished Creatures
  A scorpion (D:4)
  A hound (D:3)
  An orc priest (D:2)
  An orc wizard (D:2)
  3 adders
  A shadow imp (D:4)
  2 orcs
  6 endoplasms
  3 giant cockroaches
  12 goblins
  3 hobgoblins
  6 jackals (D:2)
  3 kobolds
  5 quokkas
  3 ball pythons
  A frilled lizard (D:1)
  6 rats
58 creatures vanquished.

Notes
Turn   | Place    | Note
-------+----------+-------------------------------------------
     0 | D:1      | sleeves the Gargoyle Hexslinger began the quest for the
                  | Orb.
     0 | D:1      | Reached XP level 1. HP: 12/12 MP: 2/2
    62 | D:1      | Reached XP level 2. HP: 15/16 MP: 3/3
    73 | D:1      | HP: 6/16 [frozen (4)]
   227 | D:1      | Reached skill level 3 in Ranged Weapons
   503 | D:1      | Reached XP level 3. HP: 20/20 MP: 4/4
   945 | D:2      | Reached skill level 4 in Ranged Weapons
   945 | D:2      | Reached XP level 4. HP: 19/25 MP: 2/5
  1091 | D:2      | HP: 10/25 [something (3)]
  1095 | D:2      | HP: 4/25 [something/magic dart (3)]
  1127 | D:2      | HP: 9/25 [orc wizard/puff of flame (3)]
  2064 | D:3      | Found Omuoraj's Antique Weapon Shop.
  2374 | D:3      | Reached skill level 5 in Ranged Weapons
  2629 | D:4      | Found a staircase to the Ecumenical Temple.
  2672 | Temple   | Entered the Ecumenical Temple
  2711 | Temple   | Became a worshipper of Warmaster Okawaru
  2921 | D:4      | Reached XP level 5. HP: 29/29 MP: 6/6
  2954 | D:4      | Noticed a centaur
  2987 | D:4      | HP: 13/29 [centaur/arrow (7)]
  2989 | D:4      | HP: 6/29 [centaur/arrow (8)]
  3119 | D:4      | Noticed Eustachio
  3124 | D:4      | Found a blossoming altar of Fedhas.
  3124 | D:4      | Found a shimmering blue altar of Sif Muna.
  3124 | D:4      | Found a hide-covered altar of Uskayaw.
  3255 | D:4      | Noticed a sky beast
  3307 | D:4      | Identified the +2 robe of Otwaut {MP+9}
  3460 | D:4      | Reached skill level 6 in Ranged Weapons
  3460 | D:4      | Reached XP level 6. HP: 32/34 MP: 7/7
  3673 | D:4      | HP: 10/34 [centaur/arrow (9)]
  3677 | D:4      | Shot with an arrow by a centaur

Illustrated notes

Levels and vault maps discovered:
D:1:      onia_arrival_pentagram, layout_basic
D:2:      layout_basic, minmay_pentomino_z2
D:3:      layout_basic, serial_shops, shop, palyth_stone_intersect
D:4:      cheibrodos_helix_gallery, layout_basic,
          gammafunk_temple_overflow_forgotten,
          minmay_temple_entry_statues_pillars, minmay_bent, uniq_eustachio
Temple:   minmay_crystal_spiral_temple

Skill      XL: |  1  2  3  4  5 |
---------------+----------------+-----
Ranged Weapons | 3 4 5 6 |  6.1
Fighting       | |  1.1
Dodging        | |  1.5
Spellcasting   | |  1.0
Hexes          | |  2.6

Action                   |  1- 3 |  4- 6 || total
-------------------------+-------+-------++-------
Melee: Unarmed           |     4 |       ||     4
       Sling             |     1 |     6 ||     7
 Fire: Sling             |    86 |   166 ||   252
 Cast: Slow              |     7 |    19 ||    26
  Use: Potion            |     4 |       ||     4
       Scroll            |     2 |     4 ||     6
Armor: Robe              |    38 |    63 ||   101
Dodge: Dodged            |    58 |    78 ||   136

Table legend: (Time is in decaauts)
 A = Elapsed time spent in this place.
 B = Non-inter-level travel time spent in this place.
 C = Inter-level travel time spent in this place.
 D = Time resting spent in this place.
 E = Time spent auto-exploring this place.
 F = Levels seen in this place.
 G = Mean time per level.
                   A        B        C        D        E       F      G
               +--------+--------+--------+--------+--------+-----+--------+
         Total |   3727 |   3493 |    234 |     29 |   2704 |   5 |  745.4 |
       Dungeon |   3681 |   3455 |    226 |     29 |   2681 |   4 |  920.2 |
        Temple |     46 |     39 |      7 |      0 |     23 |   1 |   46.0 |
               +--------+--------+--------+--------+--------+-----+--------+

Top non-repeatable levels by time:
     D:2: 1109 daAuts
     D:3: 923 daAuts
     D:1: 883 daAuts
     D:4: 764 daAuts
  Temple: 46 daAuts
